 Dungeon Crawl Stone Soup version 0.30-a0-12-gd8047c6341 (webtiles) character file.

Game seed: 6868427851585800927

50 Zeldest the Sneak (level 3, -6/29 HPs)
             Began as a Mummy Delver on Aug 23, 2022.
             Was an Initiate of Yredelemnul.
             Mangled by a gnoll
             ... wielding a +0 flail
              (10 damage)
             ... on level 3 of the Dungeon.
             The game lasted 00:02:54 (1028 turns).

Zeldest the Sneak (Mummy Delver)                    Turns: 1028, Time: 00:02:55

Health: -6/29      AC:  3    Str: 17    XL:     3   Next: 55%
Magic:  3/3        EV: 11    Int:  9    God:    Yredelemnul [......]
Gold:   20         SH:  0    Dex: 13    Spells: 2/2 levels left

rFire   x . .      SeeInvis .    a - +0 hand axe
rCold   + . .      Faith    .    (no shield)
rNeg    + + +      Spirit   .    b - +0 leather armour
rPois   ∞          Reflect  .    (no helmet)
rElec   .          Harm     .    (no cloak)
rCorr   .          Rampage  .    (no gloves)
Will    .....                    (no boots)
Stlth   ++........               (no amulet)
HPRegen 0.09/turn                (no ring)
MPRegen 0.08/turn                (no ring)

@: no status effects
A: cold resistance 1, negative energy resistance 3, torment resistance 2, heat
vulnerability 1, in touch with death 1, no potions
a: Renounce Religion, Recall Undead Harvest


You were on level 3 of the Dungeon.
You worshipped Yredelemnul.
Yredelemnul was noncommittal.
You visited 1 branch of the dungeon, and saw 3 of its levels.

You collected 20 gold pieces.

Inventory:

Hand Weapons
 a - a +0 hand axe (weapon)
Armour
 b - a +0 leather armour (worn)
Wands
 f - a wand of digging (2)
Scrolls
 c - a scroll of fog
 d - a scroll of amnesia {unknown}


   Skills:
 + Level 3.4 Fighting
 * Level 2.5 Axes
 - Level 1.6 Dodging
 - Level 4.1 Stealth
 + Level 1.2 Invocations


You had 2 spell levels left.
You didn't know any spells.
Your spell library contained the following spells:

 Spells                   Type           Power      Damage    Failure   Level
 Blink                    Tloc           0%         N/A       58%         2
 Lesser Beckoning         Tloc           0%         N/A       83%         3
 Manifold Assault         Tloc           0%         N/A       100%        5


Dungeon Overview and Level Annotations

Branches:
Dungeon (5/15)
 Temple: D:4-7

Altars:
Kikubaaqudgha
Ru
Sif Muna
Yredelemnul

Annotations:
D:3 Sigmund


Innate Abilities, Weirdness & Mutations

You are immune to poison.
Your flesh is cold resistant. (rC+)
You are immune to negative energy. (rN+++)
You are immune to unholy pain and torment.
You are vulnerable to heat. (rF-)
You are in touch with the powers of death.
You do not drink.


Message History

The bat barely misses you. The bat hits you but does no damage.
The bat hits you but does no damage. The bat attacks as you move away!
The bat hits you.
* * * LOW HITPOINT WARNING * * *
Found 6 gold pieces.
The bat barely misses you. The bat hits you but does no damage.
The bat attacks as you move away! The bat hits you but does no damage. x3
The bat attacks as you move away! The bat hits you but does no damage.
The bat barely misses you.
Sigmund the Dreaded comes into view.
He is wielding a +0 scythe.
You see here 6 gold pieces.
Okay, then.
You begin recalling your allies.
Your gnoll zombie is recalled.
You finish recalling your allies.
The bat hits you but does no damage.
Okay, then.
Aiming: Dig
Press: ? - help, Shift-Dir - straight line A rock wall.
The rock shatters into small pieces.
An adder comes into view.
The bat hits you but does no damage. The bat closely misses you.
Sigmund says, "Don't worry, I'll kill you fast."
Sigmund hits the plant with a +0 scythe.
The plant begins to die.
The bat attacks as you move away! The bat barely misses you.
The bat hits you but does no damage. The bat closely misses you.
The bat closely misses you. The bat attacks as you move away!
The bat closely misses you. The bat hits you.
Found a short sword.
You open the door. The gnoll attacks as you move away!
The gnoll barely misses you.
There is an open door here.
The gnoll attacks as you move away! The gnoll hits you with a +0 flail!
* * * LOW HITPOINT WARNING * * *
The bat hits you but does no damage. The gnoll attacks as you move away!
The gnoll hits you with a +0 flail!
You die...
Yredelemnul claims you as an undead slave.

≈≈≈≈≈≈≈≈≈≈ ..........
S≈≈≈≈≈≈≈≈≈ #..#P.#..#
# ...P.PP...# .#
##..#####..#########.#
#....[.#............
.......+......b...#
#S..##.#........@.#
#...# ##......g#.#
....# ###.....##..#
#.####.# ##..S## #...
..b....# ##'## ....
###S#### #.# .#..# #.#
#.# ##..#
###.########S## ...
......bS..#...##


You could see a gnoll, an adder and a bat.

Vanquished Creatures
  An orc wizard (D:3)
  A gnoll (D:3)
  An adder (D:3)
  A hobgoblin (D:3)
  A quokka (D:5)
  2 ball pythons (D:3)
  A kobold (D:3)
8 creatures vanquished.

Vanquished Creatures (others)
  An orc zombie (D:3)
  A kobold zombie (D:3)
  5 plants (D:3)
7 creatures vanquished.

Grand Total: 15 creatures vanquished

Notes
Turn   | Place    | Note
-------+----------+-------------------------------------------
     0 | D:5      | Zeldest the Mummy Delver began the quest for the Orb.
     0 | D:5      | Reached XP level 1. HP: 18/18 MP: 1/1
    13 | D:5      | Became a worshipper of Yredelemnul the Dark
    50 | D:5      | Noticed a scorpion
   373 | D:5      | Noticed a phantom
   419 | D:4      | Found an ancient bone altar of Kikubaaqudgha.
   421 | D:4      | Found a shimmering blue altar of Sif Muna.
   434 | D:4      | Noticed a black bear
   615 | D:3      | Found a sacrificial altar of Ru.
   622 | D:3      | Reached XP level 2. HP: 16/24 MP: 2/2
   726 | D:3      | Reached skill level 1 in Invocations
   726 | D:3      | Gained mutation: You are in touch with the powers of death.
                  | [Mummy growth]
   726 | D:3      | Reached XP level 3. HP: 19/29 MP: 3/3
   991 | D:3      | Noticed Sigmund
  1028 | D:3      | Mangled by a gnoll

Illustrated notes

Levels and vault maps discovered:
D:3:      layout_loops_corners, nicolae_elyvilon_temple_path,
          nicolae_ru_great_annihilating_truth, minmay_bisected, uniq_sigmund,
          uniq_ijyb
D:4:      layout_rooms, minitemple, minmay_ruptured, uniq_robin, uniq_natasha
D:5:      layout_rooms, makhleb_grotto_becter, overflow_temple_1_default,
          uniq_prince_ribbit1

Skill      XL: |  1  2 |
---------------+-------+-----
Axes           | 2 |  2.5
Invocations    | 1 |  1.2
Fighting       | |  3.4
Dodging        | |  1.6
Stealth        | |  4.1

Action                   || total
-------------------------++-------
Melee: Hand axe          ||    49
Invok: Recall Undead Har ||     1
Evoke: Wand              ||     1
  Use: Scroll            ||     2
Armor: Leather armour    ||    35
Dodge: Dodged            ||    54

Table legend: (Time is in decaauts)
 A = Elapsed time spent in this place.
 B = Non-inter-level travel time spent in this place.
 C = Inter-level travel time spent in this place.
 D = Time resting spent in this place.
 E = Time spent auto-exploring this place.
 F = Levels seen in this place.
 G = Mean time per level.
                   A        B        C        D        E       F      G
               +--------+--------+--------+--------+--------+-----+--------+
         Total |   1038 |   1038 |      0 |    577 |     84 |   3 |  346.0 |
       Dungeon |   1038 |   1038 |      0 |    577 |     84 |   3 |  346.0 |
               +--------+--------+--------+--------+--------+-----+--------+

Top non-repeatable levels by time:
     D:3: 591 daAuts
     D:5: 417 daAuts
     D:4: 28 daAuts
